 Seeded DCSS version 0.30.1-4-g462c640d31 (webtiles) character file.

Game seed: 20230804 (custom seed)

33386 AccursedSamuel the Basher (level 13, -3/92 HPs)
             Began as a Tengu Monk on Aug 9, 2023.
             Was the Champion of Jiyva.
             Killed from afar by a fire giant (67 damage)
             ... with a fireball
             ... on level 1 of the Depths on Aug 10, 2023.
             The game lasted 01:04:41 (14088 turns).

AccursedSamuel the Basher (Tengu Monk)             Turns: 14088, Time: 01:04:41

Health: -3/92      AC:  8    Str: 19    XL:     13   Next: 70%
Magic:  14/14      EV: 30    Int: 10    God:    Jiyva [******]
Gold:   1034       SH:  7    Dex: 20    Spells: 12/12 levels left

rFire   . . .        K - +7 mace of Xietampy {drain, *Rage rCorr Str+3}
rCold   + + +        L - +2 buckler
rNeg    . . .        E - +1 troll leather armour
rPois   +            (helmet restricted)
rElec   .            (no cloak)
rCorr   +            (no gloves)
SInv    .            (boots unavailable)
Will    .....        (no amulet)
Stlth   ++++         f - ring of poison resistance
HPRegen 3.55/turn    G - +5 ring of evasion
MPRegen 0.64/turn

%: random rage (20%)
@: mighty, flying quickly and evasively, quick
A: beak, talons 3, nimble flight, agile 1, cold resistance 3, mutation
resistance 1, poison resistance, regeneration 1, robust 1, shaggy fur 2, acidic
bite, jelly sensing items, sturdy frame 1, engulf
a: Renounce Religion, Oozemancy, Slimify


You were on level 1 of the Depths.
You worshipped Jiyva.
Jiyva was exalted by your worship.
You visited 2 branches of the dungeon, and saw 16 of its levels.
You also visited: Sewer.

You collected 1034 gold pieces.

Inventory:

Hand Weapons
 l - the +1 war axe of Kemuffou {freeze, Int+3}
   (You found it on level 4 of the Dungeon)

   Int:       It affects your intelligence (+3).
 s - a +2 flail of holy wrath
 x - a +1 dagger of holy wrath
 C - the +7 mace of Dyurph {flame, rF+ rN+}
   (You found it on level 9 of the Dungeon)

   rF:        It protects you from fire.
   rN:        It protects you from negative energy.
 K - the +7 mace of Xietampy (weapon) {drain, *Rage rCorr Str+3}
   (You took it off a skeletal warrior on level 14 of the Dungeon)

   Str:       It affects your strength (+3).
   *Rage:     It berserks you when you make melee attacks (+20% chance).
   rCorr:     It protects you from acid and corrosion.
Armour
 d - an orb of light
 i - a +0 ring mail
 B - a +0 plate armour
 E - a +1 troll leather armour (worn)
 L - a +2 buckler (worn)
Magical Staves
 t - a staff of cold
Jewellery
 b - a ring of protection from cold
 f - a ring of poison resistance (left hand)
 y - a ring of willpower
 z - a +5 ring of evasion
 F - a ring of resist corrosion
 G - a +5 ring of evasion (right hand)
 I - the ring "Iraveg" {+Blink rElec rF+ Dex-2 Slay-5}
   (You found it on level 11 of the Dungeon)

   [ring of protection from fire]

   Dex:       It affects your dexterity (-2).
   Slay:      It affects your accuracy & damage with ranged weapons and melee
   (-5).
   rF:        It protects you from fire.
   rElec:     It insulates you from electricity.
   +Blink:    It lets you blink.
 N - a ring of protection from fire
Wands
 h - a wand of flame (33)
 q - a wand of acid (9)
 A - a wand of iceblast (7)
Scrolls
 e - 5 scrolls of teleportation
 m - 2 scrolls of blinking
 o - 5 scrolls of identify
 u - a scroll of fog
 v - 2 scrolls of fear
 D - a scroll of acquirement {unknown}
 J - 2 scrolls of magic mapping
 M - a scroll of immolation
Potions
 c - 5 potions of ambrosia
 g - 4 potions of mutation
 j - a potion of brilliance
 k - 3 potions of attraction
 n - 2 potions of haste
 p - a potion of magic
 r - 3 potions of curing
 w - a potion of flight
 H - a potion of cancellation


   Skills:
 + Level 11.2 Fighting
 + Level 5.1(10.2) Axes
 - Level 13.6(14.0) Maces & Flails
 + Level 9.3 Armour
 + Level 12.9 Dodging
 + Level 7.5 Stealth
 + Level 2.1 Shields


You had 12 spell levels left.
You didn't know any spells.
Your spell library contained the following spells:

 Spells                   Type           Power      Damage    Failure   Level
 Apportation              Tloc           0%         N/A       45%         1
 Static Discharge         Conj/Air       0%         2-2/arc   58%         2
 Airstrike                Air            0%         2d(0-16)  99%         4
 Summon Lightning Spire   Summ/Air       0%         N/A       99%         4
 Summon Forest            Summ/Tloc      0%         N/A       100%        5
 Dispersal                Tloc           0%         N/A       100%        6


Dungeon Overview and Level Annotations

Branches:
Dungeon (15/15)            Temple (0/1) D:5            Lair (0/5) D:10
    Orc (0/2) D:10         Vaults (0/5) D:13         Depths (1/4) D:15
  Sewer (visited)

Altars:
Ashenzari
Cheibriados
Fedhas
Gozag
Makhleb
Nemelex Xobeh
Ru
Trog
Vehumet
Wu Jian
Xom
Zin

Shops:
D:5 :   D:6 (   D:8 ?

Portals:
Abyss: D:14

Annotations:
D:5 1 runed translucent door
D:9 4 transporters, bairyn's ghost, journeyman SpRe
D:14 2 transporters, Axipewex's ghost, journeyman OgTm


Innate Abilities, Weirdness & Mutations

You have a beak for a mouth.
You have claws for feet.
Your magical nature lets you fly swiftly and evasively.
You are agile. (Dex +4, Str/Int -1)
Your flesh is almost immune to the effects of cold. (rC+++)
You are somewhat resistant to further mutation.
Your system is resistant to poisons. (rPois)
Your natural rate of healing is unusually fast.
You are robust. (+10% HP)
You are covered in thick fur. (AC +2)
You have acidic saliva.
You have a small jelly attached to you that senses nearby items.
Your movements are slightly less encumbered by armour. (ER -2)
Your melee attacks may engulf your foes in ooze.


Message History

Your rockslime hits the stone giant!!
The stone giant holds its ground!
Your azure jelly hits the stone giant.
Your azure jelly freezes the stone giant!!!
The stone giant dies!
Your rockslime hits the ice dragon but does no damage.
Your azure jelly hits the ice dragon!
Your azure jelly freezes the ice dragon!
The ice dragon resists.
Your azure jelly hits the ice dragon but does no damage.
Your azure jelly hits the ice dragon.
Your azure jelly hits the ice dragon!
Your rockslime hits the ice dragon.
The ice dragon holds its ground!
Your azure jelly barely misses the ice dragon.
Your azure jelly hits the ice dragon!
Your azure jelly freezes the ice dragon.
The ice dragon resists.
Your azure jelly hits the ice dragon.
Your azure jelly hits the ice dragon but does no damage.
The ice dragon breathes frost at you.
The blast of cold hits your azure jelly!!
Your azure jelly resists.
Your rockslime hits the ice dragon!!!
The ice dragon is shoved backwards!
You feel a bit more experienced.
A fire giant comes into view.
It is wielding a +0 great sword of flaming.
The fire giant hits your rockslime but does no damage.
Your rockslime hits the fire giant!!
The fire giant holds its ground!
Your azure jelly hits the fire giant but does no damage.
Your azure jelly completely misses the fire giant.
Your azure jelly hits the fire giant. x2
The fire giant hits your rockslime but does no damage.
Your rockslime hits the fire giant!!!
The fire giant stumbles backwards!
Your rockslime dissolves into a puddle of slime!
The fire giant gestures at you while chanting.
The bolt of fire hits your azure jelly!!!
Your azure jelly is burned terribly!
Your azure jelly dies!
Your azure jelly dissolves into a puddle of slime!
You feel very mighty all of a sudden.
The fire giant gestures at you while chanting.
The fireball explodes!
The fireball engulfs you!!!
Ouch! That really hurt!
You die...

########'#.....##'
............>.....
..................
.................D
.........G..(.....
.................
............(....
###+##....C.###.#
#..@...# ..
#......# #......#
#......# #......#
+......# #......#
#......#
.$.......#


You could see a fire giant and a neutral glowing orange brain (wandering)
(fellow slime).

Vanquished Creatures
  2 stone giants
  2 hydras
  An ogre mage (D:15)
  A boulder beetle (D:10)
  4 centaur warriors (D:13)
  4 two-headed ogres
  4 tengu warriors
  2 skeletal warriors
  A deep elf zephyrmancer (D:13)
  A deep elf archer (D:13)
  A wizard (D:14)
  2 orc knights
  A deep elf pyromancer (D:13)
  2 cyclopes (D:15)
  3 ugly things (D:15)
  2 manticores
  4 centaur skeletons (D:13)
  2 gargoyles (D:13)
  An unseen horror (D:10)
  2 tengu conjurers
  5 trolls
  A blink frog (shapeshifter) (D:15)
  3 wraiths
  A shadow (D:10)
  A vampire (D:11)
  7 vampire mosquitoes
  2 steam dragons
  A warg (D:14)
  An ice beast (D:7)
  3 orc warriors
  2 ogres
  3 centaurs
  A phantom (D:5)
  A bullfrog (D:8)
  2 kobold brigands
  2 gnoll sergeants
  A scorpion (D:5)
  4 wights (D:7)
  6 killer bees
  A howler monkey (D:11)
  5 hounds
  3 orc priests
  2 jellies (Sewer)
  2 gnoll boudas
  A sleepcap (D:6)
  4 iguanas
  11 orc wizards
  9 adders
  4 river rats (Sewer)
  18 gnolls
  2 white imps
  4 worms
  4 dart slugs
  28 orcs
  6 ball pythons
  7 endoplasms
  4 giant cockroaches
  7 goblins
  2 hobgoblins
  2 jackals (D:4)
  7 quokkas
  5 bats
  4 frilled lizards
  11 kobolds
  8 rats
250 creatures vanquished.

Vanquished Creatures (collateral kills)
  2 stone giants (Depths:1)
  An ettin (Depths:1)
  An ice dragon (Depths:1)
  A catoblepas (D:15)
  2 two-headed ogres (D:15)
  2 boulder beetles
  2 skeletal warriors (D:14)
  A cyclops (D:11)
  A gargoyle (D:10)
  A komodo dragon (D:12)
  A freezing wraith (D:14)
  A shadow (D:10)
  A steam dragon (D:7)
  An ogre (D:15)
  An orc priest (D:8)
  A sleepcap (D:7)
  2 orc wizards (D:8)
  A white imp (D:8)
  2 orcs (D:8)
25 creatures vanquished.

Vanquished Creatures (others)
  A great orb of eyes (D:14)
  A glowing orange brain (shapeshifter) (D:9)
  2 dream sheep (D:7)
  3 slime creatures (D:14)
  A yak (D:11)
  A floating eye (Depths:1)
  A vampire mosquito (D:14)
  An acid dragon (D:11)
  A centaur (D:8)
  A gnoll sergeant (D:9)
  A bullfrog (D:9)
  2 killer bees (D:7)
  40 jellies
  An orc wizard (D:8)
  3 gnolls
  An adder (D:6)
  4 orcs
  An endoplasm (D:4)
  A rat (Sewer)
67 creatures vanquished.

Grand Total: 342 creatures vanquished

Notes
Turn   | Place    | Note
-------+----------+-------------------------------------------
     0 | D:1      | AccursedSamuel the Tengu Monk began the quest for the Orb.
     0 | D:1      | Reached XP level 1. HP: 14/14 MP: 2/2
   245 | D:1      | Reached XP level 2. HP: 13/19 MP: 3/3
   333 | D:1      | Found a faded altar of an unknown god.
  1141 | D:1      | Gained mutation: You have hidden genetic potential. [potion
                  | of mutation]
  1141 | D:1      | Gained mutation: You have great hidden genetic potential.
                  | [potion of mutation]
  1141 | D:1      | Gained mutation: You are agile. (Dex +4, Str/Int -1)
                  | [potion of mutation]
  1270 | D:2      | Reached XP level 3. HP: 19/23 MP: 4/4
  1418 | D:2      | Reached skill level 4 in Maces & Flails
  1442 | D:2      | Gained mutation: Your natural rate of healing is unusually
                  | fast. [hidden potential]
  2093 | D:3      | Reached XP level 4. HP: 22/28 MP: 5/5
  2123 | D:3      | Got the Almanac of Location
  2328 | D:3      | Gained mutation: You are very agile. (Dex +8, Str/Int -2)
                  | [hidden potential]
  2328 | D:3      | Lost mutation: You have great hidden genetic potential.
                  | [hidden potential expressed]
  3114 | D:4      | Reached skill level 1 in Armour
  3114 | D:4      | Gained mutation: Your magical nature lets you fly swiftly
                  | and evasively. [Tengu growth]
  3114 | D:4      | Reached XP level 5. HP: 32/33 MP: 6/6
  3158 | D:4      | Gained mutation: Your system is resistant to poisons.
                  | (rPois) [hidden potential]
  3163 | D:4      | Identified the +1 war axe of Kemuffou {freeze, Int+3}
  3186 | D:4      | Found a glowing drain.
  3210 | Sewer    | Entered a sewer
  3294 | Sewer    | Reached skill level 1 in Axes
  3298 | Sewer    | Reached skill level 5 in Maces & Flails
  3351 | Sewer    | Reached XP level 6. HP: 30/38 MP: 7/7
  3375 | Sewer    | Found a viscous altar of Jiyva.
  3386 | Sewer    | Gained mutation: Your muscles are strong. (Str +4, Int/Dex
                  | -1) [hidden potential]
  3386 | Sewer    | Lost mutation: You have hidden genetic potential. [hidden
                  | potential expressed]
  3406 | Sewer    | Became a worshipper of Jiyva Jugh the Shapeless
  3406 | Sewer    | Reached * piety under Jiyva
  3406 | Sewer    | Reached ** piety under Jiyva
  3947 | D:4      | Found a radiant altar of Vehumet.
  3947 | D:4      | Found a sparkling altar of Nemelex Xobeh.
  3947 | D:4      | Found an ornate altar of the Wu Jian Council.
  4311 | D:5      | Entered Level 5 of the Dungeon
  4333 | D:5      | Reached XP level 7. HP: 43/43 MP: 8/8
  4386 | D:5      | Reached *** piety under Jiyva
  4400 | D:5      | Found Cuxkiss's Book Boutique.
  4417 | D:5      | Found a staircase to the Ecumenical Temple.
  4550 | D:5      | Found a runed translucent door.
  4557 | D:5      | Gained mutation: You have acidic saliva. [Jiyva's grace]
  4557 | D:5      | Gained mutation: You are somewhat resistant to further
                  | mutation. [Jiyva's grace]
  4557 | D:5      | Gained mutation: You are somewhat resistant to both further
                  | mutation and mutation removal. [Jiyva's grace]
  4557 | D:5      | Gained mutation: You are almost entirely resistant to
                  | further mutation and mutation removal. [Jiyva's grace]
  4782 | D:5      | Found a blossoming altar of Fedhas.
  4811 | D:5      | Found a broken altar of Ashenzari.
  4816 | D:5      | Reached skill level 1 in Stealth
  4987 | D:6      | Noticed a steam dragon
  4993 | D:6      | Killed a steam dragon
  5009 | D:6      | Reached skill level 5 in Dodging
  5090 | D:6      | Reached skill level 5 in Axes
  5090 | D:6      | Reached XP level 8. HP: 48/48 MP: 9/9
  5154 | D:6      | Reached **** piety under Jiyva
  5494 | D:6      | Found a bloodstained altar of Trog.
  5730 | D:6      | Found a shimmering altar of Xom.
  5735 | D:6      | Noticed an angel
  5740 | D:6      | Found a glowing silver altar of Zin.
  5787 | D:6      | Reached ***** piety under Jiyva
  5790 | D:6      | Found Wukoif's Antique Weapon Boutique.
  6547 | D:7      | Lost mutation: Your muscles are strong. (Str +4, Int/Dex
                  | -1) [Jiyva's grace]
  6547 | D:7      | Lost mutation: You have acidic saliva. [Jiyva's grace]
  6547 | D:7      | Gained mutation: You are robust. (+10% HP) [Jiyva's grace]
  6547 | D:7      | Gained mutation: You are very robust. (+20% HP) [Jiyva's
                  | grace]
  6547 | D:7      | Gained mutation: You are extremely robust. (+30% HP)
                  | [Jiyva's grace]
  6547 | D:7      | Gained mutation: You have acidic saliva. [Jiyva's grace]
  6593 | D:7      | Found a burning altar of Makhleb.
  6601 | D:7      | Reached skill level 6 in Maces & Flails
  6604 | D:7      | Killed a dream sheep
  6702 | D:7      | Reached skill level 5 in Fighting
  6911 | D:7      | Reached skill level 7 in Maces & Flails
  7117 | D:7      | Killed a dream sheep
  7461 | D:8      | Reached XP level 9. HP: 50/70 MP: 10/10
  7531 | D:8      | Found a sacrificial altar of Ru.
  7726 | D:8      | Reached skill level 5 in Armour
  7738 | D:8      | Reached skill level 8 in Maces & Flails
  7776 | D:8      | Found The Oracle's Delphic Readings.
  7924 | D:9      | Found a transporter.
  7926 | D:9      | Noticed a queen bee
  7926 | D:9      | Noticed a skeletal warrior
  7927 | D:9      | Noticed bairyn's ghost (journeyman SpRe)
  8016 | D:9      | Found a transporter.
  8022 | D:9      | Found a transporter.
  8024 | D:9      | Found a transporter.
  8030 | D:9      | Found a transporter.
  8054 | D:9      | Found an opulent altar of Gozag.
  8143 | D:9      | Killed a glowing orange brain
  8217 | D:9      | Identified the +7 mace of Dyurph {flame, rF+ rN+}
  8378 | D:9      | Found a transporter.
  8420 | D:10     | Entered Level 10 of the Dungeon
  8497 | D:10     | Reached ****** piety under Jiyva
  8523 | D:10     | Noticed a two-headed ogre
  8531 | D:10     | Noticed a gargoyle
  8534 | D:10     | Killed a two-headed ogre
  8534 | D:10     | Killed a gargoyle
  8535 | D:10     | Reached skill level 9 in Maces & Flails
  8535 | D:10     | Reached XP level 10. HP: 37/79 MP: 11/11
  8545 | D:10     | Found a snail-covered altar of Cheibriados.
  8620 | D:10     | Found a staircase to the Lair.
  8754 | D:10     | Noticed an unseen horror
  8768 | D:10     | Killed an unseen horror
  8897 | D:10     | Gained mutation: Your melee attacks may engulf your foes in
                  | ooze. [Jiyva's grace]
  8897 | D:10     | Gained mutation: Your translucent skin slightly reduces
                  | your foes' accuracy. (Stealth+) [Jiyva's grace]
  8897 | D:10     | Gained mutation: Your translucent skin reduces your foes'
                  | accuracy. (Stealth+) [Jiyva's grace]
  8897 | D:10     | Gained mutation: Your transparent skin significantly
                  | reduces your foes' accuracy. (Stealth+) [Jiyva's grace]
  8958 | D:10     | Identified the +9 mace of Enyno {antimagic, Str+4 Dex+3}
  9001 | D:10     | Noticed a boulder beetle
  9037 | D:10     | Killed a boulder beetle
  9038 | D:10     | Reached skill level 10 in Maces & Flails
  9085 | D:10     | Found a staircase to the Orcish Mines.
  9307 | D:11     | Noticed a cyclops
  9322 | D:11     | Killed a cyclops
  9330 | D:11     | Noticed a boulder beetle
  9336 | D:11     | Killed a boulder beetle
  9337 | D:11     | Reached skill level 11 in Maces & Flails
  9378 | D:11     | Identified the ring "Iraveg" {+Blink rElec rF+ Dex-2
                  | Slay-5}
  9641 | D:11     | Noticed a manticore
  9641 | D:11     | Noticed a two-headed ogre
  9675 | D:11     | Killed a manticore
  9676 | D:11     | Reached XP level 11. HP: 77/88 MP: 12/12
  9843 | D:11     | Killed a two-headed ogre
 10317 | D:12     | Reached skill level 12 in Maces & Flails
 10701 | D:12     | Upgraded the game from 0.30.1-3-gfc49f6343a to
                  | 0.30.1-4-g462c640d31
 10752 | D:13     | Noticed a manticore
 10774 | D:13     | Killed a manticore
 10861 | D:13     | Noticed a two-headed ogre
 10867 | D:13     | Killed a two-headed ogre
 10942 | D:13     | Noticed a centaur warrior
 10947 | D:13     | Noticed a deep elf zephyrmancer
 10964 | D:13     | Killed a centaur warrior
 10971 | D:13     | Killed a deep elf zephyrmancer
 10999 | D:13     | Noticed an orc knight
 11004 | D:13     | Noticed a centaur warrior
 11021 | D:13     | Killed a centaur warrior
 11025 | D:13     | Reached skill level 13 in Maces & Flails
 11031 | D:13     | Killed an orc knight
 11061 | D:13     | Noticed a deep elf archer
 11080 | D:13     | Noticed a skeletal warrior
 11117 | D:13     | Killed a deep elf archer
 11127 | D:13     | Killed a skeletal warrior
 11128 | D:13     | Reached XP level 12. HP: 71/97 MP: 13/13
 11153 | D:13     | Found a gate to the Vaults.
 11395 | D:13     | Noticed a centaur warrior
 11612 | D:13     | Noticed a centaur warrior
 11621 | D:13     | Killed a centaur warrior
 11786 | D:13     | Killed a centaur warrior
 11975 | D:13     | Noticed a four-headed hydra
 11990 | D:13     | Killed a four-headed hydra
 12024 | D:14     | Found a one-way gate to the infinite horrors of the Abyss.
 12024 | D:14     | Noticed a great orb of eyes
 12024 | D:14     | Noticed Axipewex's ghost (journeyman OgTm)
 12034 | D:14     | Killed a great orb of eyes
 12040 | D:14     | Lost mutation: You are very agile. (Dex +8, Str/Int -2)
                  | [Jiyva's grace]
 12040 | D:14     | Lost mutation: You are almost entirely resistant to further
                  | mutation and mutation removal. [Jiyva's grace]
 12040 | D:14     | Lost mutation: You are somewhat resistant to both further
                  | mutation and mutation removal. [Jiyva's grace]
 12040 | D:14     | Lost mutation: You are extremely robust. (+30% HP) [Jiyva's
                  | grace]
 12040 | D:14     | Lost mutation: Your transparent skin significantly reduces
                  | your foes' accuracy. (Stealth+) [Jiyva's grace]
 12040 | D:14     | Gained mutation: You are covered in fur. (AC +1) [Jiyva's
                  | grace]
 12040 | D:14     | Gained mutation: You are covered in thick fur. (AC +2)
                  | [Jiyva's grace]
 12040 | D:14     | Gained mutation: Your thick and shaggy fur keeps you warm.
                  | (AC +3, rC+) [Jiyva's grace]
 12040 | D:14     | Gained mutation: Your movements are slightly less
                  | encumbered by armour. (ER -2) [Jiyva's grace]
 12057 | D:14     | Noticed a boulder beetle
 12073 | D:14     | Killed a boulder beetle
 12189 | D:14     | Noticed a starcursed mass
 12196 | D:14     | Identified the +7 mace of Xietampy {drain, *Rage rCorr
                  | Str+3}
 12211 | D:14     | Reached skill level 10 in Dodging
 12220 | D:14     | Reached skill level 10 in Fighting
 12355 | D:14     | Found a sparkling altar of Nemelex Xobeh.
 12407 | D:14     | Noticed a two-headed ogre
 12417 | D:14     | Killed a two-headed ogre
 12418 | D:14     | Reached skill level 5 in Stealth
 12431 | D:14     | Found a transporter.
 12673 | D:14     | Noticed a hell hog
 12678 | D:14     | Noticed a tentacled starspawn
 12689 | D:14     | Found a transporter.
 12692 | D:14     | Noticed a tengu warrior
 12717 | D:14     | Killed a tengu warrior
 12847 | D:15     | Entered Level 15 of the Dungeon
 12851 | D:15     | Reached XP level 13. HP: 99/99 MP: 14/14
 13199 | D:15     | Reached skill level 1 in Shields
 13260 | D:15     | Found a staircase to the Depths.
 13260 | D:15     | Noticed a stone giant
 13269 | D:15     | Killed a stone giant
 13433 | D:15     | Lost mutation: You are very robust. (+20% HP) [Jiyva's
                  | grace]
 13433 | D:15     | Lost mutation: Your thick and shaggy fur keeps you warm.
                  | (AC +3, rC+) [Jiyva's grace]
 13433 | D:15     | Lost mutation: Your translucent skin reduces your foes'
                  | accuracy. (Stealth+) [Jiyva's grace]
 13433 | D:15     | Lost mutation: Your translucent skin slightly reduces your
                  | foes' accuracy. (Stealth+) [Jiyva's grace]
 13433 | D:15     | Gained mutation: Your flesh is cold resistant. (rC+)
                  | [Jiyva's grace]
 13433 | D:15     | Gained mutation: Your flesh is very cold resistant. (rC++)
                  | [Jiyva's grace]
 13433 | D:15     | Gained mutation: Your flesh is almost immune to the effects
                  | of cold. (rC+++) [Jiyva's grace]
 13433 | D:15     | Gained mutation: You have a small jelly attached to you
                  | that senses nearby items. [Jiyva's grace]
 13976 | Depths:1 | Entered Level 1 of the Depths
 13997 | Depths:1 | Noticed an ettin
 13997 | Depths:1 | Noticed a stone giant
 14023 | Depths:1 | Killed a stone giant
 14027 | Depths:1 | Killed an ettin
 14064 | Depths:1 | Noticed a stone giant
 14065 | Depths:1 | Noticed a stone giant
 14069 | Depths:1 | HP: 3/92 [stone giant/large rock (44)]
 14073 | Depths:1 | Noticed an ice dragon
 14074 | Depths:1 | Killed a stone giant
 14077 | Depths:1 | Killed a stone giant
 14081 | Depths:1 | Killed an ice dragon
 14082 | Depths:1 | Noticed a fire giant
 14088 | Depths:1 | Killed from afar by a fire giant

Illustrated notes

Levels and vault maps discovered:
D:1:      roderic_octagonal_star, layout_basic,
          hellmonk_ecumenical_altar_run_dry, minmay_box_of_dots
D:2:      layout_loops_ring
D:3:      layout_basic, serial_aquarium, aquarium_bridge_long_separate
          [aquarium_subvault_wall, aquarium_subvault_wall,
          aquarium_subvault_bridge, aquarium_subvault_wall,
          aquarium_subvault_bridge, aquarium_subvault_bridge],
          aquarium_window_1, aquarium_window_fake, aquarium_view_2d,
          aquarium_view_4, aquarium_pool_1
D:4:      layout_basic, gammafunk_temple_overflow_forgotten,
          portal_sewer_entry_b
D:5:      layout_rooms, mainiacjoe_overflow_two_lobes, temple_pool_b,
          serial_shops, nicolae_shop_window_shopping, ebering_ghost_inner_flame
D:6:      layout_layer_cave, grunt_temple_overflow_order_and_chaos_1,
          lightli_temple_of_fire, serial_shops, nicolae_shop_behind_doors
D:7:      layout_basic, makhleb_heckhound_becter, dreamdust_gnoll_shepherd
D:8:      layout_basic, mainiacjoe_overflow_tiny_flanked,
          nicolae_nh_oracle_at_delphi
D:9:      layout_basic, nicolae_gozag_seed_capital, gammafunk_ghost_arena,
          nicolae_diode_intersection
D:10:     layout_irregular_city, cheibriados_altar_1, lair_entry_dummy
D:11:     layout_irregular_city
D:12:     layout_loops_cross
D:13:     layout_basic, hangedman_vaults_entry_quadrant_bands,
          kennysheep_opposing_triangles
D:14:     layout_irregular_city, nemelex_altar_shiori,
          gammafunk_ghost_abyssal_escape
D:15:     grunt_enter_depths_snipers, layout_grid_maze, chequers_arboretum
Depths:1: layout_gridville, hellmouth_1, serial_shops, shop,
          nicolae_specific_store, dk_noncrumbling_3, grunt_decor_resistance,
          evilmike_butchery, roderic_lattice_octagonal_star

Skill      XL: |  1  2  3  4  5  6  7  8  9 10 11 12 13 |
---------------+----------------------------------------+-----
Maces & Flails | 4 5 7 9 11 13 | 13.6
Armour         | 1 3 4 6 8 9 |  9.3
Dodging        | 4 5 6 8 11 12 | 12.9
Fighting       | 4 5 6 8 10 11 | 11.2
Axes           | 2 3 5 |  5.1
Stealth        | 1 2 3 5 7 |  7.5
Shields        | 2 |  2.1

Action                     |  1- 3 |  4- 6 |  7- 9 | 10-12 | 13-15 || total
---------------------------+-------+-------+-------+-------+-------++-------
  Melee: Mace              |    71 |    28 |    25 |   340 |    73 ||   537
         Kick              |    18 |    40 |    81 |   151 |    37 ||   327
         Peck              |    13 |    24 |    48 |    87 |    22 ||   194
         War axe           |       |    92 |     2 |       |       ||    94
         Flail             |       |       |   166 |       |       ||   166
         Bite              |       |       |    28 |    73 |    13 ||   114
         Punch             |       |       |       |     3 |       ||     3
    Use: Potion            |     6 |     3 |     2 |     2 |     1 ||    14
         Scroll            |     5 |     1 |     3 |     3 |       ||    12
   Stab: Sleeping          |       |       |       |     3 |     4 ||     7
         Distracted        |       |       |       |     2 |     1 ||     3
 Armour: Robe              |     7 |       |       |       |       ||     7
         Ring mail         |     4 |    25 |    25 |       |       ||    54
         Ice dragon scales |       |       |    15 |       |       ||    15
         Plate armour      |       |       |    23 |     1 |       ||    24
         Troll leather arm |       |       |       |    46 |     9 ||    55
  Dodge: Dodged            |    61 |   106 |   187 |   518 |    87 ||   959
  Block: Buckler           |       |       |       |     5 |    19 ||    24
